 Dungeon Crawl Stone Soup version 0.17-a0-2127-g1cb09f6 (webtiles) character file.

65 fredomojojo the Skirmisher (level 3, -5/49 HPs)
             Began as a Draconian Berserker on Oct 23, 2015.
             Was a Believer of Trog.
             Splashed by an oklob plant's acid (14 damage)
             ... on level 2 of the Dungeon.
             The game lasted 00:25:57 (1153 turns).

fredomojojo the Skirmisher (Draconian Berserker)    Turns: 1153, Time: 00:25:57

Health: -5/49      AC:  3    Str: 27    XL:     3   Next: 94%
Magic:  3/3        EV: 13    Int:  7    God:    Trog [**....]
Gold:   85         SH:  0    Dex: 11    Spells: 0 memorised, 2 levels left

rFire  . . .     SeeInvis .     a - +0 hand axe
rCold  . . .     Clarity  .     (armour unavailable)
rNeg   . . .     SustAt   .     (no shield)
rPois  .         Gourm    .     (helmet restricted)
rElec  .         Spirit   .     (no cloak)
rCorr  .         Warding  .     m - +1 pair of gloves
rMut   .         Stasis   .     (no boots)
MR     ++...                    (no amulet)
Stlth  ..........               (no ring)
                                i - +3 ring of strength

@: berserking (expiring), corroded equipment, regenerating, very quick, very
resistant to hostile enchantments, extremely unstealthy
A: unfitting armour, cold-blooded, AC +5
a: Berserk, Trog's Hand, Burn Spellbooks, Renounce Religion


You were on level 2 of the Dungeon.
You worshipped Trog.
Trog was pleased with you.
You were not hungry.

You visited 1 branch of the dungeon, and saw 2 of its levels.

You collected 85 gold pieces.

Inventory:

Hand Weapons
 a - a +0 hand axe (weapon)
 c - a +0 falchion
 n - a +0 hunting sling
 o - a +0 dagger of venom
Missiles
 d - 83 stones (quivered)
 k - 16 exploding sling bullets
Armour
 m - a +1 pair of gloves (worn)
Jewellery
 i - a +3 ring of strength (left hand)
Scrolls
 e - 4 scrolls of identify
Potions
 f - a potion of heal wounds {unknown}
 g - a potion of curing
 j - a potion of haste {unknown}
Comestibles
 b - 3 bread rations
 l - 5 chunks of flesh


   Skills:
 + Level 4.0 Fighting
 + Level 3.5 Axes
 + Level 0.1(0.3) Slings
 + Level 0.3(0.4) Throwing
 + Level 3.3 Dodging
 + Level 0.2 Stealth


You had 2 spell levels left.
You didn't know any spells.

Dungeon Overview and Level Annotations

Branches:
Dungeon (2/15)

Altars:
Cheibriados
Fedhas
Zin

Annotations:
D:2 exclusion: oklob plant


Innate Abilities, Weirdness & Mutations

Your plain brown scales are hard (AC +5).
Your body does not fit into most forms of armour.
You are cold-blooded and may be slowed by cold attacks.


Message History

You slash the plant!
The plant is heavily damaged.
You hit the oklob plant. You tail-slap the oklob plant.
The oklob plant is lightly damaged.
You hit the plant but do no damage.
The plant is heavily damaged.
You hit the fungus.
The fungus is moderately damaged.
You hit the oklob plant but do no damage.
The oklob plant is lightly damaged.
You hit the fungus.
The fungus is heavily damaged.
You hit the plant but do no damage.
The plant is heavily damaged.
You feel the effects of Trog's Hand fading.
The oklob plant spits acid at you. The splash of acid hits you!
* * * LOW HITPOINT WARNING * * *
The acid corrodes you!
The acid burns!
You die...

##.≈≈≈≈...≈≈≈≈.♣PPP#
...≈≈≈≈._......#P.P#
##.≈≈≈≈...≈≈≈≈.P.#P#
PP.≈≈≈≈≈≈≈≈≈≈≈.P♣#.#
.P..≈≈≈≈≈≈≈≈≈..P#P♣
.PP..≈≈≈≈≈≈≈..P.PP♣#
.P.P..≈≈≈≈≈....P%PP#
PPPP........♣PPP%♣♣#


♣PPP#♣PPPP.P♣PPP@%P# P♣#♣PPPPP.%PP# ♣PPPPP%P♣P# .PP♣PPPPPP# ############ You
could see an oklob plant.

Vanquished Creatures
  2 adders (D:2)
  An ooze (D:2)
  2 worms (D:2)
  4 giant cockroaches
  3 goblins
  7 hobgoblins
  4 jackals (D:1)
  2 bats (D:1)
  3 giant newts (D:1)
  4 kobolds
  A quokka (D:2)
  3 rats
  2 fungi (D:2)
38 creatures vanquished.

Vanquished Creatures (others)
  10 toadstools (D:2)
10 creatures vanquished.

Grand Total: 48 creatures vanquished

Notes
Turn   | Place    | Note
--------------------------------------------------------------
     0 | D:1      | fredomojojo the Draconian Berserker began the quest for the Orb.
     0 | D:1      | Reached XP level 1. HP: 19/19 MP: 1/1
   200 | D:1      | Reached XP level 2. HP: 8/26 MP: 2/2
   465 | D:2      | Reached XP level 3. HP: 26/33 MP: 3/3
   465 | D:2      | Reached ** piety under Trog
   789 | D:2      | Found a snail-covered altar of Cheibriados.
   951 | D:2      | Reached skill level 4 in Fighting
  1040 | D:2      | Found a glowing silver altar of Zin.
  1111 | D:2      | Found a blossoming altar of Fedhas.
  1125 | D:2      | Noticed an oklob plant
  1153 | D:2      | Splashed by an oklob plant's acid

Vault maps used:
D:1:      dpeg_arrival_circle_labyrinth_c, st_stairs_5
D:2:      lemuel_doored_altar, cheibriados_altar_1, first_bread, tgw_fedhas

Action                   || total
-------------------------++-------
Melee: Hand axe          ||   105
       Dagger            ||     1
 Fire: Hunting sling     ||    19
Throw: Stone             ||    15
Invok: Berserk           ||     4
       Trog's Hand       ||     1
  Use: Scroll            ||     2
  Eat: Bread ration      ||     1
       Beef jerky        ||     1
